 Dungeon Crawl Stone Soup version 0.30-a0-596-g0af90f9a20 (webtiles) character file.

Game seed: 13201474525209944188

23 spardeous the Ducker (level 2, -3/11 HPs)
             Began as a Felid Earth Elementalist on Jan 7, 2023.
             Shot with a sling bullet by a goblin (7 damage)
             ... led by Robin
             ... on level 3 of the Dungeon.
             The game lasted 00:01:27 (470 turns).

spardeous the Ducker (Felid Earth Elementalist)      Turns: 470, Time: 00:01:28

Health: -3/11      AC:  1    Str:  4    XL:     2   Next: 72%
Magic:  5/6        EV: 18    Int: 16    God:
Gold:   21         SH:  0    Dex: 16    Spells: 4/5 levels left
                                        Lives:  0   Deaths: 0

rFire   . . .      SeeInvis +    (weapon unavailable)
rCold   . . .      Faith    .    (shield unavailable)
rNeg    . . .      Spirit   .    (body armour unavailable)
rPois   .          Reflect  .    (helmet unavailable)
rElec   .          Harm     .    (cloak unavailable)
rCorr   .          Rampage  .    (gloves unavailable)
Will    .....                    (boots unavailable)
Stlth   ++                       (no amulet)
HPRegen 0.21/turn                (no ring)
MPRegen 0.10/turn                (no ring)

@: quick
A: very small, claws 1, fangs 3, see invisible, speed 1, shaggy fur 1, stealthy
paws, no weapons or thrown items, no armour, multi-lived
a: no special abilities


You were on level 3 of the Dungeon.
You visited 1 branch of the dungeon, and saw 3 of its levels.

You collected 21 gold pieces.

Inventory:

Scrolls
 b - a scroll of fog {unknown}
 c - 3 scrolls of summoning {unknown}
 d - a scroll of magic mapping {unknown}
Potions
 a - a potion of magic


   Skills:
 + Level 3.7 Dodging
 - Level 2.6 Stealth
 - Level 2.0 Spellcasting
 - Level 1.1 Transmutations
 + Level 3.2 Earth Magic


You had 4 spell levels left.
You knew the following spells:

 Your Spells              Type           Power      Damage    Failure   Level
a - Sandblast             Erth           22%        2d7       5%          1

Your spell library contained the following spells:

 Spells                   Type           Power      Damage    Failure   Level
 Passwall                 Tmut/Erth      6%         N/A       13%         2
 Stone Arrow              Conj/Erth      12%        3d7       32%         3
 Petrify                  Tmut/Erth      8%         N/A       63%         4


Dungeon Overview and Level Annotations

Branches:
Dungeon (3/15)

Altars:

Shops:
D:2 ?

Annotations:
D:3 1 runed translucent door, Crazy Yiuf, Jessica, Robin


Innate Abilities, Weirdness & Mutations

You have sharp claws.
You have razor-sharp teeth.
You have supernaturally acute eyesight. (SInv)
You cover ground quickly. (Speed+)
You are covered in fur. (AC +1)
Your paws help you pounce on unaware monsters.
You are incapable of wielding weapons or throwing items.
You cannot wear armour.
You gain extra lives every three experience levels.


Message History

The goblin no longer looks unusually strong.
The goblin no longer looks unusually strong.
The goblin shouts!
Jessica closely misses you. Jessica gestures at you while chanting.
Pain shoots through your body!
Casting: Sandblast (safe; 5% risk of failure)
Confirm with . or Enter, or press ? or * to list all spells.
Aiming: Sandblast (safe; 5% risk of failure)
Press: ? - help, Shift-Dir - straight line, f - Jessica
Aim: Jessica, wielding a +0 club and wearing a +0 robe (82% to hit)
The blast of sand misses Jessica.
Casting: Sandblast (safe; 5% risk of failure)
Confirm with . or Enter, or press ? or * to list all spells.
Aiming: Sandblast (safe; 5% risk of failure)
Press: ? - help, Shift-Dir - straight line, f/p - Jessica
Aim: Jessica, wielding a +0 club and wearing a +0 robe (82% to hit)
You miscast Sandblast.
You are very lightly contaminated with residual magic.
Nothing appears to happen.
Jessica shouts, "I don't like beings like you!"
Jessica casts a spell.
Jessica blinks!
Robin throws the goblin at you! The goblin completely misses you.
Robin hits you with a +0 dagger.
Your magical contamination has completely faded away.
A frilled lizard comes into view.
Robin throws the goblin at you! The goblin completely misses you.
You barely miss the goblin.
The goblin shouts!
You bite the goblin.
The goblin is moderately wounded.
The goblin hits you with a +0 dagger.
Robin roars a battlecry!
The goblins go into a battle-frenzy!
The frilled lizard hisses angrily.
Found 15 gold pieces.
The goblin shoots a sling bullet.
The sling bullet hits you!
Ouch! That really hurt!
You die...

#.###............ #.#
##..##.g..... #.#
#..##....(.. #.#
#............ #g#
####g.##.#... #.# #...#
#... #.######.#g# ....#
#g#......#.#......
##@#....###@g..l...
#####..#....~~~~~~~...#
#.....§..~~~~≈≈≈≈≈~~~~#
#......~g~≈≈≈≈≈≈≈≈≈≈≈~~
#....~~~≈≈≈≈≈~~~~~≈≈≈≈≈
#####~≈≈≈≈~~~~#.#~~~~≈≈
#~≈≈~~~.###.....~~~
#~~~~#### ###.##..$
######


You could see Robin, 4 goblins and a frilled lizard.

Vanquished Creatures
  2 worms
  2 ball pythons
  5 goblins
  2 hobgoblins (D:3)
  2 jackals (D:2)
  A frilled lizard (D:1)
  A kobold (D:3)
15 creatures vanquished.

Notes
Turn   | Place    | Note
-------+----------+-------------------------------------------
     0 | D:1      | spardeous the Felid Earth Elementalist began the quest for
                  | the Orb.
     0 | D:1      | Reached XP level 1. HP: 7/7 MP: 4/4
    37 | D:2      | Found Eweasog's Magic Scroll Shoppe.
   146 | D:2      | Reached XP level 2. HP: 11/11 MP: 0/6
   285 | D:3      | Noticed Robin
   307 | D:3      | Found a runed translucent door.
   308 | D:3      | Noticed Crazy Yiuf
   408 | D:3      | Noticed Jessica
   470 | D:3      | Shot with a sling bullet by a goblin

Illustrated notes

Levels and vault maps discovered:
D:1:      minmay_arrival_diagonal_passages, layout_loops_corners
D:2:      layout_loops_ring, serial_shops, nicolae_shop_statue_plus,
          lexackson_kobold_supper, uniq_natasha
D:3:      wander_river, layout_rooms, kennysheep_doodads, uniq_jessica,
          uniq_crazy_yiuf_cottage, uniq_robin, uniq_grinder

Skill      XL: |  1 |
---------------+----+-----
Dodging        | 3 |  3.7
Earth Magic    | 3 |  3.2
Stealth        | |  2.6
Spellcasting   | |  2.0
Transmutations | |  1.1

Action                   || total
-------------------------++-------
Melee: Unarmed           ||     1
       Bite              ||     1
 Cast: Sandblast         ||    26
Armor: Skin              ||     3
Dodge: Dodged            ||    19

Table legend: (Time is in decaauts)
 A = Elapsed time spent in this place.
 B = Non-inter-level travel time spent in this place.
 C = Inter-level travel time spent in this place.
 D = Time resting spent in this place.
 E = Time spent auto-exploring this place.
 F = Levels seen in this place.
 G = Mean time per level.
                   A        B        C        D        E       F      G
               +--------+--------+--------+--------+--------+-----+--------+
         Total |    440 |    436 |      4 |    119 |    146 |   3 |  146.7 |
       Dungeon |    440 |    436 |      4 |    119 |    146 |   3 |  146.7 |
               +--------+--------+--------+--------+--------+-----+--------+

Top non-repeatable levels by time:
     D:3: 199 daAuts
     D:2: 184 daAuts
     D:1: 56 daAuts
